 Dungeon Crawl Stone Soup version 0.30.1-11-g7821555f0a (webtiles) character file.

Game seed: 11247258310584352887

27 KittyFluff the Trooper (level 3, -1/23 HPs)
             Began as a Gargoyle Berserker on Nov 24, 2023.
             Was a Follower of Trog.
             Slain by Sigmund
             ... wielding a +1 scythe of freezing
              (7 damage)
             ... on level 2 of the Dungeon.
             The game lasted 00:03:55 (1085 turns).

KittyFluff the Trooper (Gargoyle Berserker)         Turns: 1085, Time: 00:03:55

Health: -1/23      AC:  7    Str: 22    XL:     3   Next: 10%
Magic:  3/3        EV: 11    Int:  7    God:    Trog [*.....]
Gold:   111        SH:  0    Dex:  9    Spells: 2/2 levels left

rFire   . . .        a - +0 mace
rCold   . . .        (no shield)
rNeg    + . .        f - +0 leather armour
rPois   ∞            (no helmet)
rElec   +            (no cloak)
rCorr   .            j - +0 pair of gloves
SInv    .            (no boots)
Will    .....        (no amulet)
Stlth   +            (no ring)
HPRegen 0.23/turn    (no ring)
MPRegen 0.08/turn

%: no passive effects
@: no status effects
A: sickness immunity, AC +3, negative energy resistance 1, electricity
resistance, torment resistance 1, petrification resistance
a: Renounce Religion, Berserk


You were on level 2 of the Dungeon.
You worshipped Trog.
Trog was aware of your devotion.
You visited 1 branch of the dungeon, and saw 2 of its levels.

You collected 111 gold pieces.

Inventory:

Hand Weapons
 a - a +0 mace (weapon)
Armour
 f - a +0 leather armour (worn)
 j - a +0 pair of gloves (worn)
Jewellery
 d - a ring of magical power
Scrolls
 c - a scroll of immolation {unknown}
 e - 5 scrolls of identify {unknown}
 i - a scroll of poison {unknown}
 k - a scroll of fog {unknown}
Potions
 b - a potion of heal wounds {unknown}
 g - a potion of invisibility {unknown}
 h - 2 potions of berserk rage {unknown}
 l - a potion of ambrosia {unknown}
 m - a potion of curing {unknown}


   Skills:
 + Level 3.4 Fighting
 * Level 3.4 Maces & Flails
 * Level 2.8 Armour
 + Level 1.7 Dodging
 + Level 0.8 Stealth


You had 2 spell levels left.
You didn't know any spells.
Your spell library was empty.

Dungeon Overview and Level Annotations

Branches:
Dungeon (2/15)

Altars:

Annotations:
D:2 Sigmund


Innate Abilities, Weirdness & Mutations

You are immune to sickness and miasma.
Your stone body is resilient. (AC +3)
You are immune to poison.
You resist negative energy. (rN+)
You are resistant to electric shocks. (rElec)
You are resistant to unholy torment.
You are immune to petrification.


Message History

Sigmund hits you from afar with a +1 scythe of freezing.
Sigmund freezes you. The kobold barely misses you.
You barely miss the kobold. The kobold closely misses you.
You closely miss the kobold.
Sigmund hits you from afar with a +1 scythe of freezing.
Sigmund freezes you. The kobold hits you but does no damage.
You hit the kobold but do no damage. The kobold closely misses you.
Sigmund barely misses you.
You closely miss the kobold. The kobold hits you but does no damage.
Sigmund hits you from afar with a +1 scythe of freezing.
* * * LOW HITPOINT WARNING * * *
Sigmund freezes you.
* * * LOW HITPOINT WARNING * * *
You hit the kobold.
You kill the kobold!
Trog accepts your kill. Sigmund closely misses you.
Things that are here:
a +0 dagger; a kobold corpse You hit Sigmund.
Your punch misses Sigmund.
Sigmund is lightly wounded.
Sigmund hits you but does no damage.
You hit Sigmund.
Sigmund is lightly wounded.
Sigmund closely misses you.
You hit Sigmund.
Sigmund is lightly wounded.
Sigmund closely misses you.
You hit Sigmund.
Sigmund is moderately wounded.
You closely miss Sigmund.
Sigmund is moderately wounded.
Sigmund closely misses you.
You closely miss Sigmund.
Sigmund is moderately wounded.
Sigmund completely misses you.
You hit Sigmund.
Sigmund is heavily wounded.
Sigmund hits you with a +1 scythe of freezing!
You die...

..######......+ ..# ## ..#
#......# ... ...## ..#
#......# #.# ...## ###
#......# #.####### ...
#######......# #........
#. #......(.....#
###....@... ##
#.......###### #.'........
#. #.......#
####@#........ #.
#.......# #..@.#........
#† #.......#
#<####........ #.
#.......#####<####........
##.
#.............>.##........
#..
#...............##########
#.. #...............#
###.. #.......#########
#.... #..........# #.##)
####.......# #.#<.


You could see Sigmund.

Vanquished Creatures
  A dart slug (D:1)
  3 endoplasms
  2 giant cockroaches (D:2)
  3 goblins (D:1)
  5 hobgoblins
  3 kobolds (D:2)
  A bat (D:2)
  A frilled lizard (D:1)
  2 rats
21 creatures vanquished.

Notes
Turn   | Place    | Note
-------+----------+-------------------------------------------
     0 | D:1      | KittyFluff the Gargoyle Berserker began the quest for the
                  | Orb.
     0 | D:1      | Reached XP level 1. HP: 14/14 MP: 1/1
   227 | D:1      | Reached XP level 2. HP: 19/19 MP: 2/2
   933 | D:2      | Reached XP level 3. HP: 20/23 MP: 3/3
  1063 | D:2      | Noticed Sigmund
  1085 | D:2      | Slain by Sigmund

Illustrated notes

Levels and vault maps discovered:
D:1:      scummos_arrival_checkerplants, layout_basic, serial_corexii_hall,
          chequers_hall_statues_wall_a, corexii_hall_statues_x,
          chequers_decorated_corner, serial_bayou_pond_c
D:2:      layout_basic, minmay_pentomino_u4, uniq_sigmund

Action                     || total
---------------------------++-------
  Melee: Mace              ||    80
         Punch             ||     2
 Armour: Leather armour    ||    27
  Dodge: Dodged            ||    43
